 Dungeon Sprint DCSS version 0.20-a0-772-g73021bd (webtiles) character file.

6225 Bagheara the Fighter (level 10, -28/171 HPs)
             Began as a Deep Dwarf Fighter on Feb 27, 2017.
             Was the Champion of the Shining One.
             Killed from afar by a deep elf annihilator (40 damage)
             ... with a crystal spear
             ... in the Dungeon (Sprint V: "Ziggurat Sprint").
             The game lasted 00:10:18 (539 turns).

Bagheara the Fighter (Deep Dwarf Fighter)            Turns: 539, Time: 00:10:20

Health: -28/171    AC: 29    Str: 35    XL:     10   Next: 61%
Magic:  8/15       EV:  7    Int: 10    God:    the Shining One [******]
Gold:   0          SH:  2    Dex: 14    Spells: 9/9 levels left

rFire    . . .     SeeInvis .   J - +10 dark maul {crush}
rCold    . . .     Gourm    .   c - +5 crystal plate armour
rNeg     + + +     Faith    .   (shield currently unavailable)
rPois    +         Spirit   .   (no helmet)
rElec    .         Reflect  +   (no cloak)
rCorr    .         Harm     .   (no gloves)
MR       ++...     NoTele   +   (no boots)
Stlth    ..........             K - amulet of Woypo {Reflect Dex+2 SH+2}
Regen    0.0/turn               E - +6 ring of strength
MPRegen  0.2/turn               D - +6 ring of strength

@: berserking, lethally poisoned (-28 -> -28), non-regenerating, glowing,
studying 2 skills, very quick
A: damage resistance, heal wounds, icy blue scales 1, clumsy 1, magic resistance
1, sense surroundings 2, poison resistance, weak 1, no regeneration
a: Heal Wounds, Divine Shield, Cleansing Flame, Summon Divine Warrior, Brand
Weapon With Holy Wrath, Renounce Religion


You were in the Dungeon.
You worshipped the Shining One.
The Shining One was exalted by your worship.
You were hungry.

You visited 1 branch

Inventory:

Hand Weapons
 J - the +10 dark maul (weapon) {crush}
   (You found it in the Dungeon)

   It inflicts extra damage upon your enemies.
Armour
 c - a +5 crystal plate armour (worn)
Jewellery
 y - a +6 ring of dexterity
 A - a +6 ring of dexterity
 B - a +6 ring of intelligence
 C - a +6 ring of intelligence
 D - a +6 ring of strength (left hand)
 E - a +6 ring of strength (right hand)
 K - the amulet of Woypo (around neck) {Reflect Dex+2 SH+2}
   (You found it in the Dungeon)

   [amulet of reflection]

   It shields you and reflects attacks.
   It affects your dexterity (+2).
   It affects your SH (+2).
Wands
 F - a wand of disintegration (7/24)
 G - a wand of iceblast (5/15)
 H - a wand of lightning (5/15)
 I - a wand of acid (5/15)
Scrolls
 k - 4 scrolls of blinking
 q - 4 scrolls of amnesia
 r - 3 scrolls of recharging
 s - 7 scrolls of fog
 t - 2 scrolls of holy word
 u - 5 scrolls of identify
 v - 5 scrolls of remove curse
 w - 2 scrolls of fear
Potions
 a - 2 potions of brilliance
 d - 6 potions of might
 e - 9 potions of curing
 g - 8 potions of heal wounds
 h - 6 potions of haste
 i - 7 potions of magic
 j - 2 potions of berserk rage
 l - 2 potions of invisibility
 n - 4 potions of resistance
 o - a potion of experience
 p - 5 potions of agility
Books
 L - a manual of Axes
 M - a manual of Bows
Miscellaneous
 b - a phial of floods
 N - a box of beasts
Comestibles
 f - 5 bread rations
 m - 5 chunks of flesh
 x - 42 fruits
 z - 4 meat rations


   Skills:
 * Level 14.7 Fighting
 * Level 9.2(12.8) Axes
 + Level 13.2(14.0) Maces & Flails
 + Level 12.8 Armour
 + Level 2.0 Stealth
   Level 3.2 Shields
 + Level 8.5 Invocations


You had 9 spell levels left.
You didn't know any spells.

Dungeon Overview and Level Annotations

Branches:
Dungeon (1/1)

Altars:
Ashenzari
Cheibriados
Dithmenos
Elyvilon
Fedhas
Gozag
Hepliaklqana
Kikubaaqudgha
Makhleb
Nemelex Xobeh
Okawaru
Qazlal
Ru
Sif Muna
Trog
Uskayaw
Vehumet
Xom
Yredelemnul
Zin
The Shining One
Beogh
Jiyva
Lugonu


Innate Abilities, Weirdness & Mutations

You are resistant to damage.
You can heal yourself by infusing magical energy.
You passively map the area around you.
You do not regenerate.
You are partially covered in icy blue scales. (AC +2)
You are clumsy. (Dex -2)
You are resistant to hostile enchantments. (MR+)
Your system is resistant to poisons. (rPois)
You are weak. (Str -2)


Message History

The iron shot hits you!
* * * LOW HITPOINT WARNING * * *
The deep elf mage hits you but does no damage.
The deep elf knight mumbles some strange words.
The deep elf knight seems to speed up.
You are too berserk!
You completely miss the deep elf annihilator.
The deep elf annihilator is moderately wounded.
Your angel completely misses the deep elf knight.
Your angel hits the deep elf knight with a whip of holy wrath.
The deep elf knight hits your angel with a long sword!
The deep elf annihilator hits you but does no damage.
Your angel hits the deep elf knight with a whip of holy wrath!
Your angel hits the deep elf knight with a whip of holy wrath.
The ice beast hits you but does no damage.
The deep elf mage hits you but does no damage.
The deep elf knight hits your angel but does no damage.
The deep elf annihilator casts a spell at you.
The crystal spear hits you!
You die...

≈
▓.........▓.......▓
*
▓▓▓▓▓▓▓▓▓▓▓▓▓▓▓▓▓▓▓
* © , ▓...8©8...▓ ,
▓..=:=["..▓ ,
▓...}:[=..▓ ,
,▓.........▓ , , ,
▓...))....▓ ,
▓...eAe...▓ , ,
▓...Y@e...▓ ,
,,,▓.........▓
▓.........▓ * , ,
▓▓▓▓▓▓▓▓▓▓▓ * * **
, 8 , , , ,, ,, ,
,,,, ,, ,, ,, , , ,
, ,, ,, *


You could see a deep elf annihilator, a deep elf knight, a deep elf mage, an ice
beast and a friendly angel.

Vanquished Creatures
  A deep elf knight (D)
  A shining eye (D)
  2 ugly things (D)
  A cyclops (D)
  A smoke demon (D)
  A black mamba (D)
  An orange demon (D)
  A rime drake (shapeshifter) (D)
  4 merfolk (D)
  A jumping spider (D)
  A tarantella (D)
  2 water elementals (D)
  2 neqoxecs (D)
  3 nagas (D)
  A water moccasin (D)
  2 necrophages (D)
  A centaur (D)
  A scorpion (D)
  A wight (D)
  A quasit (D)
  3 orc priests (D)
  2 iron imps (D)
  An orc wizard (D)
  An adder (D)
  A shadow imp (D)
  A white imp (D)
  An adder skeleton (D)
  An orc (D)
  A bat skeleton (D)
  2 ball pythons (D)
43 creatures vanquished.

Vanquished Creatures (collateral kills)
  3 deep elf magi (D)
  An orange demon (D)
  A neqoxec (D)
  An iron imp (D)
  2 ufetubi (D)
8 creatures vanquished.

Grand Total: 51 creatures vanquished

Notes
Turn   | Place    | Note
-------+----------+-------------------------------------------
     0 | D        | Bagheara the Deep Dwarf Fighter began the quest for the Orb.
     0 | D        | Reached XP level 1. HP: 20/20 MP: 1/1
     2 | D        | Found a blossoming altar of Fedhas.
     3 | D        | Found a viscous altar of Jiyva.
     3 | D        | Found a hazy altar of Hepliaklqana.
     3 | D        | Found an opulent altar of Gozag.
     3 | D        | Found an ancient bone altar of Kikubaaqudgha.
     3 | D        | Found a corrupted altar of Lugonu.
    22 | D        | Found a deep blue altar of Sif Muna.
    22 | D        | Found a sacrificial altar of Ru.
    22 | D        | Found a bloodstained altar of Trog.
    22 | D        | Found a stormy altar of Qazlal.
    22 | D        | Found an iron altar of Okawaru.
    22 | D        | Found a sparkling altar of Nemelex Xobeh.
    24 | D        | Found a burning altar of Makhleb.
   139 | D        | Became a worshipper of Qazlal Stormbringer
   159 | D        | Fell from the grace of Qazlal
   159 | D        | Became a worshipper of the Shining One
   176 | D        | Entered arena 1.
   176 | D        | Reached * piety under the Shining One
   177 | D        | Reached skill level 3 in Fighting
   178 | D        | Reached skill level 4 in Fighting
   178 | D        | Reached XP level 2. HP: 30/30 MP: 2/2
   186 | D        | Entered arena 2.
   186 | D        | Noticed a tarantella
   186 | D        | Reached ** piety under the Shining One
   186 | D        | Noticed a jumping spider
   186 | D        | Noticed a scorpion
   188 | D        | Killed a tarantella
   188 | D        | Reached skill level 7 in Fighting
   188 | D        | Reached skill level 1 in Stealth
   188 | D        | Reached XP level 3. HP: 44/44 MP: 3/3
   188 | D        | Reached XP level 4. HP: 52/52 MP: 4/4
   188 | D        | Reached XP level 5. HP: 58/58 MP: 5/5
   190 | D        | Reached skill level 8 in Fighting
   191 | D        | Killed a jumping spider
   191 | D        | Reached skill level 10 in Fighting
   191 | D        | Reached XP level 6. HP: 60/72 MP: 6/6
   204 | D        | Entered arena 3.
   204 | D        | Reached *** piety under the Shining One
   206 | D        | Reached **** piety under the Shining One
   209 | D        | Reached skill level 5 in Maces & Flails
   209 | D        | Reached skill level 10 in Armour
   209 | D        | Reached XP level 7. HP: 80/80 MP: 5/7
   211 | D        | Reached skill level 11 in Fighting
   223 | D        | Entered arena 4.
   223 | D        | Reached ***** piety under the Shining One
   223 | D        | Noticed a smoke demon
   226 | D        | Killed a smoke demon
   229 | D        | Reached ****** piety under the Shining One
   229 | D        | Reached XP level 8. HP: 91/91 MP: 8/8
   235 | D        | Got the amulet of Woypo {Reflect Dex+2 SH+2}
   238 | D        | Entered arena 5.
   244 | D        | Reached skill level 12 in Fighting
   263 | D        | Entered arena 6.
   263 | D        | Noticed a merfolk
   263 | D        | Noticed a merfolk
   263 | D        | Noticed a merfolk
   263 | D        | Noticed a cyclops
   263 | D        | Noticed a merfolk
   269 | D        | Killed a merfolk
   269 | D        | Reached skill level 1 in Invocations
   272 | D        | Killed a cyclops
   274 | D        | Killed a merfolk
   274 | D        | Reached skill level 10 in Maces & Flails
   275 | D        | Gained mutation: You passively map the area around you. [Deep Dwarf growth]
   275 | D        | Reached XP level 9. HP: 36/100 MP: 2/11
   277 | D        | Killed a merfolk
   277 | D        | Reached skill level 13 in Fighting
   280 | D        | Killed a merfolk
   347 | D        | Entered arena 7.
   347 | D        | Noticed an orange demon
   347 | D        | Noticed an orange demon
   352 | D        | Killed an orange demon
   353 | D        | Killed an orange demon
   353 | D        | Reached skill level 5 in Invocations
   364 | D        | Entered arena 8.
   364 | D        | Noticed a purple ugly thing
   364 | D        | Noticed a shining eye
   364 | D        | Noticed a spiny frog
   364 | D        | Noticed a green ugly thing
   364 | D        | Noticed a rime drake
   364 | D        | a spiny frog changed into a rime drake
   368 | D        | Killed a green ugly thing
   368 | D        | Gained mutation: You are weak. (Str -2) [a neqoxec]
   370 | D        | Killed a purple ugly thing
   371 | D        | Gained mutation: You are clumsy. (Dex -2) [a shining eye]
   372 | D        | Killed a rime drake
   372 | D        | Reached skill level 5 in Axes
   372 | D        | Gained mutation: You are very clumsy. (Dex -4) [a shining eye]
   374 | D        | Killed a shining eye
   374 | D        | Reached skill level 14 in Fighting
   374 | D        | Reached XP level 10. HP: 71/112 MP: 5/15
   383 | D        | Gained mutation: You are partially covered in icy blue scales. (AC +2) [mutagenic meat]
   384 | D        | Lost mutation: You are very clumsy. (Dex -4) [mutagenic meat]
   385 | D        | Gained mutation: Your system is resistant to poisons. (rPois) [mutagenic meat]
   387 | D        | Gained mutation: You are resistant to hostile enchantments. (MR+) [mutagenic meat]
   457 | D        | Entered arena 9.
   457 | D        | Noticed a black mamba
   467 | D        | Killed a black mamba
   527 | D        | Entered arena 10.
   527 | D        | Noticed a deep elf knight
   527 | D        | Noticed a deep elf mage
   527 | D        | Noticed a deep elf mage
   527 | D        | Noticed a deep elf knight
   527 | D        | Noticed a deep elf mage
   527 | D        | Noticed a deep elf mage
   527 | D        | Noticed a deep elf annihilator
   532 | D        | Noticed a sixfirhy
   533 | D        | Killed a deep elf mage
   534 | D        | Killed a deep elf knight
   535 | D        | Killed a deep elf mage
   537 | D        | Killed a deep elf mage
   539 | D        | Killed from afar by a deep elf annihilator

Vault maps used:
D:        sprint_v

Skill      XL: |  1  2  3  4  5  6  7  8  9 10 |
---------------+-------------------------------+-----
Fighting       | 4 7 10 11 12 14 | 14.7
Armour         | 4 7 9 10 11 12 | 12.8
Maces & Flails | 2 4 5 7 10 12 13 | 13.2
Stealth        | 1 2 |  2.0
Invocations    | 3 6 8 |  8.5
Axes           | 6 9 |  9.2
Shields        | |  3.2

Action                   |  1- 3 |  4- 6 |  7- 9 | 10-12 || total
-------------------------+-------+-------+-------+-------++-------
Melee: Maul              |     3 |     6 |    35 |    14 ||    58
Invok: Divine Shield     |       |     1 |     1 |       ||     2
       Cleansing Flame   |       |       |     1 |     2 ||     3
       Summon Divine War |       |       |     2 |     1 ||     3
 Abil: Heal Wounds       |       |     1 |     4 |     4 ||     9
  Use: Potion            |       |       |     1 |     3 ||     4
  Eat: Chunk             |       |       |       |     5 ||     5
Armor: Crystal plate arm |     5 |    23 |   152 |    68 ||   248
Dodge: Dodged            |       |     9 |    38 |    26 ||    73
Block: Other             |       |       |    21 |     2 ||    23
